Map: Blackrock LE

Players

CONE - Winner!

  • Race: Zerg Zerg
  • League: Master

Pouff

  • Race: Protoss Protoss
  • League: Master

VOD

Have the link to the VOD?

Description

Time

  • Played on: Aug. 25, 2026, 1:11 a.m.
  • Length: 20:05
Show
View Real Time Build Order
Export as new Build Order

CONE Zerg - Winner!

Build Orders: Pool First, Lurkers 

Get SALT Encoding   

  8  0:00  Drone  
  9  0:12  Drone  
  10  0:26  Drone x2  
  12  0:34  Extractor  
  12  0:35  Drone  
  12  0:40  Overlord  
  13  1:02  Drone x2  
  15  1:14  Spawning Pool, Drone  
  15  1:21  Drone  
  16  1:25  Drone  
  17  1:45  Hatchery  
  16  1:48  Drone  
  16  1:50  Extractor  
  16  1:53  Drone  
  17  2:02  Drone  
  17  2:05  Drone  
  19  2:17  Drone  
  20  2:25  Overlord  
  20  2:37  Overlord  
  20  2:46  Zergling x2  
  20  2:49  Queen  
  23  2:56  Queen  
  25  2:58  Drone  
  25  3:00  Drone  
  27  3:13  Metabolic Boost, Drone  
  27  3:17  Drone x2  
  30  3:26  Drone x2  
  32  3:38  Extractor  
  31  3:42  Spine Crawler  
  31  3:44  Spore Crawler  
  31  3:46  Drone  
  31  3:47  Drone  
  31  3:50  Overlord  
  31  3:51  Drone x2  
  32  4:21  Drone x4  
  36  4:30  Drone  
  37  4:33  Extractor, Drone x2  
  37  4:34  Drone x2  
  40  4:43  Queen  
  42  4:57  Drone x5  
  47  5:04  Baneling Nest  
  47  5:06  Drone  
  47  5:24  Lair  
  47  5:34  Overlord  
  47  5:35  Overlord x2  
  47  5:37  Extractor  
  46  5:57  Hatchery  
  45  6:02  Drone  
  45  6:03  Drone x3  
  49  6:09  Zergling x12  
  49  6:10  Zergling x2  
  49  6:11  Zergling x6  
  59  6:22  Centrifugal Hooks  
  59  6:23  Zergling x2  
  59  6:24  Zergling x6  
  65  6:27  Queen  
  65  6:35  Drone  
  66  6:40  Evolution Chamber  
  66  6:42  Evolution Chamber  
  66  6:46  Hydralisk Den  
  63  6:52  Baneling x14  
  63  6:53  Baneling x13  
  63  7:09  Queen  
  63  7:10  Drone  
  63  7:11  Overlord  
  63  7:12  Overlord  
  63  7:13  Drone x3  
  69  7:15  Drone  
  69  7:16  Drone x5  
  69  7:20  Overlord  
  75  7:23  Grooved Spines  
  75  7:25  Zerg Missile Weapons Level 1  
  75  7:39  Overseer  
  75  7:52  Drone  
  75  7:54  Drone x5  
  75  7:57  Zerg Ground Armor Level 1  
  77  8:13  Muscular Augments  
  68  8:20  Queen  
  68  8:22  Hydralisk  
  68  8:23  Hydralisk x3  
  68  8:24  Hydralisk  
  68  8:25  Hydralisk x6  
  92  8:31  Extractor  
  91  8:34  Extractor  
  91  8:39  Drone x3  
  91  8:40  Overlord  
  93  8:48  Infestation Pit  
  92  9:04  Drone x4  
  96  9:13  Hydralisk x6  
  96  9:16  Overlord x3  
  108  9:19  Zerg Melee Weapons Level 1  
  108  9:25  Hive  
  108  9:37  Lurker Den  
  107  9:41  Overseer  
  107  9:50  Spine Crawler  
  107  9:52  Drone x3  
  109  10:01  Zerg Ground Armor Level 2  
  109  10:05  Hydralisk  
  109  10:06  Hydralisk x5  
  121  10:07  Hatchery, Hydralisk  
  121  10:09  Overlord, Zergling x2  
  121  10:10  Zergling x6  
  121  10:13  Drone  
  127  10:19  Overlord x2  
  127  10:20  Zergling x2  
  127  10:21  Zergling x6  
  131  10:26  Drone  
  132  10:29  Hydralisk x3  
  138  10:40  Adaptive Talons  
  138  10:44  Lurker x2  
  140  11:03  Lurker  
  141  11:04  Lurker  
  141  11:05  Lurker  
  143  11:13  Zerg Missile Weapons Level 2  
  145  11:36  Extractor  
  145  11:38  Seismic Spines, Drone x2  
  146  11:40  Extractor  
  113  12:04  Zergling x2  
  113  12:05  Zergling x28  
  113  12:06  Zergling x2  
  113  12:07  Zergling x22  
  113  12:08  Baneling x2  
  118  12:09  Baneling x15  
  118  12:18  Zergling x2  
  118  12:19  Zergling x2  
  97  12:41  Queen  
  92  13:08  Zergling x14  
  92  13:10  Zergling x18  
  92  13:11  Zergling x2  
  92  13:12  Zergling x30  
  115  13:13  Zergling x6  
  115  13:17  Queen  
  115  13:18  Baneling  
  115  13:19  Baneling x3  
  119  13:24  Zergling x2  
  120  13:42  Zergling x8  
  120  13:43  Zergling x2  
  125  13:52  Baneling  
  125  13:53  Baneling x22  
  125  13:54  Baneling x27  
  125  13:57  Overseer  
  125  14:21  Zerg Missile Weapons Level 3  
  125  14:23  Zerg Melee Weapons Level 2  
  125  14:27  Hydralisk x5  
  125  14:31  Zergling x10  
  136  14:32  Zergling x10  
  136  14:34  Baneling x2  
  136  14:35  Baneling x29  
  136  14:36  Baneling  
  144  15:21  Baneling x8  
  144  15:22  Baneling x12  
  91  16:14  Hydralisk  
  91  16:16  Zergling x2  
  91  16:17  Zergling x18  
  91  16:18  Zergling x4  
  104  16:19  Zergling x20  
  104  16:24  Hydralisk  
  104  16:25  Hydralisk x2  
  117  16:26  Hydralisk  
  117  16:27  Hydralisk x2  
  117  16:28  Lurker  
  119  16:39  Zergling x2  
  120  16:40  Zergling x36  
  120  16:45  Hydralisk x2  
  142  16:47  Hydralisk x2  
  146  17:11  Hydralisk  
  146  17:12  Hydralisk x3  
  146  17:14  Lurker  
  146  17:15  Lurker  
  156  17:19  Overlord x3  
  156  17:28  Overlord x2  
  156  17:37  Zergling x8  
  156  17:43  Lurker  
  161  17:44  Lurker x12  
  161  17:46  Lurker  
  174  18:16  Zergling x2  
  174  18:17  Zergling x10  
  174  18:19  Zergling x12  
  186  18:33  Zergling x2  
  187  18:34  Zergling x4  
  189  18:44  Zergling x2  
  189  18:45  Zergling x12  
Show
View Real Time Build Order
Export as new Build Order

Pouff Protoss 

Build Orders:  

Get SALT Encoding   

  8  0:00  Probe (Chrono Boost)  
  9  0:12  Probe (Chrono Boost)  
  10  0:21  Probe (Chrono Boost)  
  11  0:26  Probe  
  12  0:35  Pylon  
  12  0:39  Probe  
  13  0:53  Probe (Chrono Boost)  
  14  0:58  Gateway  
  14  1:05  Probe (Chrono Boost)  
  15  1:11  Assimilator  
  15  1:13  Probe (Chrono Boost)  
  16  1:19  Probe  
  17  1:32  Probe  
  18  1:41  Pylon  
  18  1:44  Probe  
  19  1:48  Cybernetics Core  
  19  1:56  Probe  
  20  2:08  Probe  
  21  2:20  Nexus  
  21  2:21  Probe  
  22  2:28  Warp Gate  
  22  2:30  Adept (Chrono Boost)  
  22  2:33  Probe  
  25  2:41  Assimilator  
  25  3:09  Adept (Chrono Boost), Gateway  
  27  3:23  Probe  
  28  3:27  Stargate  
  28  3:32  Pylon  
  28  3:35  Probe (Chrono Boost)  
  28  3:41  Probe (Chrono Boost)  
  30  3:44  Twilight Council  
  30  3:45  Probe (Chrono Boost)  
  32  3:49  Probe (Chrono Boost)  
  32  3:50  Probe (Chrono Boost), Adept  
  35  3:59  Probe  
  35  4:01  Probe  
  37  4:07  Robotics Facility  
  35  4:17  Probe  
  35  4:18  Probe  
  37  4:41  Forge  
  37  4:44  Pylon  
  37  4:53  Gateway  
  37  5:01  Gateway  
  37  5:02  Stalker x2  
  37  5:03  Gateway  
  41  5:14  Blink (Chrono Boost)  
  41  5:19  Probe (Chrono Boost)  
  41  5:20  Probe (Chrono Boost)  
  43  5:22  Robotics Bay  
  44  5:30  Probe x2 (Chrono Boost)  
  44  5:34  Probe (Chrono Boost)  
  44  5:35  Probe (Chrono Boost)  
  47  5:43  Photon Cannon  
  47  5:47  Shield Battery  
  47  5:48  Photon Cannon  
  47  6:01  Probe  
  48  6:05  Probe  
  48  6:09  Assimilator  
  49  6:11  Assimilator  
  49  6:14  Pylon  
  49  6:17  Probe  
  50  6:20  Robotics Facility  
  50  6:24  Protoss Ground Weapons Level 1 (Chrono Boost)  
  50  6:25  Probe  
  51  6:29  Gateway, Probe  
  52  6:37  Probe  
  53  6:51  Probe  
  54  6:56  Probe  
  55  7:03  Probe  
  55  7:08  Probe  
  57  7:09  Gateway  
  57  7:11  Pylon  
  57  7:15  Probe, Colossus (Chrono Boost)  
  58  7:20  Probe  
  71  7:36  Colossus (Chrono Boost)  
  71  7:38  Pylon  
  71  7:40  Nexus  
  71  7:43  Assimilator  
  71  7:47  Assimilator  
  71  7:48  Probe x2  
  73  8:01  Stalker  
  73  8:02  Stalker x3  
  81  8:08  Pylon  
  81  8:11  Pylon  
  64  8:18  Probe (Chrono Boost)  
  57  8:23  Probe (Chrono Boost)  
  57  8:29  Probe (Chrono Boost)  
  57  8:32  Probe (Chrono Boost)  
  57  8:33  Probe (Chrono Boost)  
  59  8:36  Stalker  
  62  8:43  Probe (Chrono Boost)  
  62  8:44  Probe (Chrono Boost)  
  64  8:55  Colossus (Chrono Boost), Probe (Chrono Boost)  
  66  8:56  Probe (Chrono Boost)  
  66  9:01  Probe x2 (Chrono Boost)  
  74  9:06  Probe  
  74  9:08  Probe  
  76  9:11  Probe  
  77  9:18  Probe  
  77  9:20  Probe  
  77  9:22  Colossus  
  77  9:23  Probe  
  86  9:28  Stalker x2  
  86  9:30  Probe  
  91  9:33  Probe  
  91  9:35  Probe  
  93  9:43  Probe  
  93  9:45  Probe  
  95  9:47  Probe  
  99  10:00  Probe (Chrono Boost)  
  99  10:04  Probe x2 (Chrono Boost)  
  99  10:07  Pylon  
  99  10:10  Probe (Chrono Boost)  
  99  10:13  Probe (Chrono Boost)  
  101  10:15  Probe (Chrono Boost)  
  101  10:16  Probe (Chrono Boost)  
  101  10:18  Stalker  
  101  10:19  Stalker x3  
  111  10:25  Pylon, Probe  
  111  10:26  Probe  
  111  10:27  Pylon  
  113  10:30  Pylon, Probe  
  114  10:38  Probe x2  
  114  10:39  Pylon  
  116  10:45  Protoss Ground Weapons Level 2  
  116  10:47  Stalker  
  116  10:48  Stalker x6, Colossus (Chrono Boost)  
  130  10:57  Charge (Chrono Boost)  
  136  11:07  Colossus (Chrono Boost)  
  142  11:19  Zealot x4  
  142  11:25  Pylon  
  150  11:40  Pylon  
  150  11:42  Pylon  
  108  12:17  Stalker x5  
  108  12:18  Stalker x2  
  108  12:21  Colossus, Gateway  
  134  12:24  Gateway  
  134  12:26  Gateway  
  108  12:45  Nexus  
  108  12:49  Assimilator  
  108  12:50  Probe x2  
  110  12:51  Assimilator  
  110  12:53  Pylon  
  110  12:57  Colossus, Stalker x3  
  110  12:58  Stalker x4  
  113  13:17  Colossus  
  119  13:23  Protoss Ground Weapons Level 3  
  119  13:42  Pylon  
  119  13:45  Pylon  
  119  13:50  Colossus (Chrono Boost)  
  125  14:07  Pylon  
  125  14:08  Colossus (Chrono Boost)  
  125  14:11  Pylon  
  125  14:12  Stalker  
  125  14:13  Stalker x5  
  125  14:14  Stalker x2  
  125  14:15  Stalker x2  
  151  14:28  Probe (Chrono Boost)  
  154  14:34  Colossus (Chrono Boost)  
  154  14:37  Probe x3 (Chrono Boost)  
  154  14:38  Stalker x6  
  167  14:42  Probe (Chrono Boost)  
  167  14:43  Stalker  
  167  14:44  Stalker  
  178  14:54  Probe  
  179  15:06  Probe  
  180  15:08  Stalker x5  
  180  15:09  Stalker x2  
  172  15:32  Observer (Chrono Boost)  
  172  15:34  Pylon  
  159  15:39  Observer (Chrono Boost)  
  149  15:44  Observer (Chrono Boost)  
  148  15:50  Observer  
  149  15:57  Stalker  
  149  15:58  Stalker x7  
  149  15:59  Stalker x2  
  117  16:15  Observer x2  
  96  17:23  Stalker x4  
  96  17:24  Stalker x3  
  110  17:36  Nexus  
  110  17:39  Pylon  
  110  17:46  Pylon  
  110  17:54  Nexus  
  110  17:56  Nexus  
  110  17:58  Pylon  
  110  18:01  Pylon  
  110  18:15  Stalker x3  
  116  18:25  Probe  
  117  18:28  Probe  
  118  18:38  Probe  
  118  18:40  Probe  
  120  18:55  Stalker  
  120  18:56  Stalker  
  120  19:01  Assimilator  
  124  19:09  Probe  
  126  19:10  Probe  
  126  19:11  Probe x2 (Chrono Boost)  
  126  19:12  Probe (Chrono Boost)  
  129  19:23  Probe (Chrono Boost)  
  131  19:27  Probe (Chrono Boost)  
  124  19:40  Stalker x5  
  124  19:41  Stalker x2  
Tags
 
Composition
Lurkers
Matchup
PvZ
Opening
Pool First
Add a new tag
Caveats
  • Supply blocks, unpowered buildings, or Contaminate may cause inaccurate times.
  • Supply counts are checked every 10 seconds.